 Dungeon Crawl Stone Soup version 0.31-a0-83-gbff143cfd1 (webtiles) character file.

Game seed: 16931870187957469960

1471 bobo the Trooper (level 9, -22/68 HPs)
             Began as a Djinni Fire Elementalist on May 24, 2023.
             Was a Believer of Jiyva.
             Annihilated by a komodo dragon (27 damage)
             ... on level 6 of the Dungeon.
             The game lasted 00:16:47 (4798 turns).

bobo the Trooper (Djinni Fire Elementalist)         Turns: 4798, Time: 00:16:47

Health: -22/68     AC:  6    Str:  7    XL:     9   Next: 6%
Gold:   208        EV: 12    Int: 22    God:    Jiyva [**....] SH:  0 Dex: 13

rFire   + + .        (no weapon)
rCold   x . .        (no shield)
rNeg    . . .        a - +0 robe
rPois   ∞            r - +0 helmet
rElec   .            k - +2 cloak
rCorr   +            (no gloves)
SInv    .            (boots unavailable)
Will    .....        (no amulet)
Stlth   ++           (no ring)
HPRegen 1.27/turn    (no ring)
MPRegen 0.00/turn

%: infuse magic (-23 HP)
@: flying
A: sickness immunity, fire resistance 2, cold vulnerability 1, float, innate
caster, HP casting, extra vitality 1
a: Renounce Religion


You were on level 6 of the Dungeon.
You worshipped Jiyva.
Jiyva was pleased with you.
You visited 1 branch of the dungeon, and saw 6 of its levels.
You also visited: Sewer.

You collected 208 gold pieces.

Inventory:

Armour
 a - a +0 robe (worn)
 k - a +2 cloak (worn)
 r - a +0 helmet (worn)
Wands
 p - a wand of digging (7)
 w - a wand of mindburst (14)
 y - a wand of iceblast (4)
Scrolls
 d - 3 scrolls of identify
 h - a scroll of teleportation {unknown}
 j - 2 scrolls of immolation {unknown}
 l - a scroll of enchant armour {unknown}
 m - 2 scrolls of poison
 o - 2 scrolls of noise {unknown}
 s - a scroll of magic mapping
 t - 2 scrolls of fear {unknown}
 v - a scroll of butterflies {unknown}
Potions
 b - 2 potions of berserk rage
 c - a potion of cancellation {unknown}
 e - 2 potions of magic {unknown}
 f - a potion of haste {unknown}
 g - a potion of invisibility {unknown}
 i - 2 potions of curing {unknown}
 n - 2 potions of brilliance {unknown}
 q - a potion of might {unknown}
 u - a potion of heal wounds {unknown}
 x - a potion of attraction {unknown}


   Skills:
 + Level 7.2 Fighting
 - Level 2.5 Dodging
 - Level 1.9 Stealth
 + Level 6.2 Spellcasting
 + Level 6.2 Conjurations
 + Level 6.2 Hexes
   Level 0.0 Charms
 + Level 6.2 Summonings
 + Level 6.2 Necromancy
 + Level 6.2 Translocations
 + Level 6.2 Transmutations
 + Level 6.2 Fire Magic
 + Level 6.2 Ice Magic
 + Level 6.2 Air Magic
 + Level 6.2 Earth Magic
 + Level 6.2 Poison Magic


You knew the following spells:

 Your Spells              Type           Power      Damage    Failure   Level
a - Foxfire               Conj/Fire      100%       2x1d9     1%          1
b - Volatile Blastmotes   Fire/Tloc      62%        2d15      2%          3
c - Petrify               Tmut/Erth      31%        N/A       10%         4
e - Inner Flame           Hex/Fire       31%        N/A       2%          3
m - Momentum Strike       Conj/Tloc      62%        3d9       1%          2
q - Poisonous Vapours     Pois/Air       62%        N/A       1%          2
s - Scorch                Fire           68%        2d8       1%          2
w - Flame Wave            Conj/Fire      31%        2d9       10%         4
B - Beastly Appendage     Tmut           68%        N/A       1%          1
Your spell library was empty.

Dungeon Overview and Level Annotations

Branches:
Dungeon (6/15)             Temple (0/1) D:5           Sewer (visited)

Altars:
Cheibriados
Ru
Xom

Shops:
D:2 *


Innate Abilities, Weirdness & Mutations

You are immune to sickness and miasma.
You are immune to poison.
Your flesh is very heat resistant. (rF++)
You are vulnerable to cold. (rC-)
You float through the air rather than walking.
You learn spells naturally, not from books.
Your magical power is your life essence.
You have superior vitality. (+4 MHP)


Message History

You have reached level 9!
Your experience leads to an increase in your attributes!
Increase (S)trength, (I)ntelligence, or (D)exterity?
You feel clever. x2
The power to cast Petrify wells up from within.
Spell assigned to 'c'.
A wave of flame ripples out!
The flame wave engulfs the komodo dragon!
The komodo dragon is heavily wounded.
You finish channelling waves of flame.
The komodo dragon bites you!!
* * * LOW HITPOINT WARNING * * *
Okay, then.
Okay, then.
Unknown command.
Casting: Flame Wave (dangerous; 10% risk of failure)
Confirm with . or Enter, or press ? or * to list all spells.
Flames lash the komodo dragon.
The komodo dragon is heavily wounded.
The komodo dragon's fire resistance burns away.
* * * LOW HITPOINT WARNING * * *
The komodo dragon barely misses you.
Casting: Scorch (safe; 1% risk of failure)
Confirm with . or Enter, or press ? or * to list all spells.
Flames lash the komodo dragon.
The komodo dragon is burned terribly!
The komodo dragon is severely wounded.
* * * LOW HITPOINT WARNING * * *
The komodo dragon completely misses you.
Casting: Scorch (safe; 1% risk of failure)
Confirm with . or Enter, or press ? or * to list all spells.
Flames lash the komodo dragon but do no damage.
* * * LOW HITPOINT WARNING * * *
The komodo dragon bites you.
* * * LOW HITPOINT WARNING * * *
Casting: Scorch (safe; 1% risk of failure)
Confirm with . or Enter, or press ? or * to list all spells.
Flames lash the komodo dragon.
The komodo dragon is burned terribly!
The komodo dragon is severely wounded.
* * * LOW HITPOINT WARNING * * *
The komodo dragon bites you!!
You die...

........#
#####.#)########
......#........#
....###........#
##
.##...#.#####..#
..# ###.#.#
#..## ○... #...#
##..# )....
.####...#
#..##○..#
........#
##.@l..#
######..#
##.†.## #..#
##...# #.##
#...# #.# #....
### #.# ##...
..####.# ###
.......#
..######


You could see a komodo dragon (combustible).

Vanquished Creatures
  Sigmund (D:2)
  A shadow (D:6)
  A sky beast (D:6)
  An ice beast (D:6)
  Blork the orc (D:4)
  A bullfrog (D:6)
  2 scorpions
  3 wights (D:5)
  A howler monkey (D:5)
  4 hounds
  An iron imp (D:3)
  2 jellies (Sewer)
  An iguana (D:5)
  An orc priest (D:5)
  Natasha (D:1)
  7 adders
  7 gnolls
  2 river rats (Sewer)
  3 worms
  A dart slug (D:1)
  6 orcs
  9 ball pythons
  A bat (D:1)
  15 endoplasms
  9 giant cockroaches
  10 goblins
  6 hobgoblins
  4 jackals
  3 kobolds
  10 quokkas
  2 frilled lizards (Sewer)
  15 rats
132 creatures vanquished.

Vanquished Creatures (others)
  A scorpion (D:4)
  3 jellies
  An orc (D:4)
  A goblin (D:4)
  A kobold (D:4)
  2 quokkas (D:4)
  2 ball pythons (D:4)
  350 foxfires
361 creatures vanquished.

Grand Total: 493 creatures vanquished

Notes
Turn   | Place    | Note
-------+----------+-------------------------------------------
     0 | D:1      | bobo the Djinni Fire Elementalist began the quest for the
                  | Orb.
     0 | D:1      | bobo set off with the following spells memorised: Foxfire,
                  | Scorch, Volatile Blastmotes, Inner Flame, Flame Wave.
     0 | D:1      | Reached XP level 1. HP: 15/15 MP: 0/0
   165 | D:1      | Reached XP level 2. HP: 21/21 MP: 0/0
   356 | D:1      | You are sucked into a shaft and drop 1 floor!
   418 | D:1      | Reached XP level 3. HP: 23/26 MP: 0/0
   418 | D:1      | Learned a level 1 spell: Beastly Appendage
   803 | D:1      | Reached skill level 1 in Fighting
   888 | D:2      | Noticed Natasha
   895 | D:1      | Killed Natasha
   896 | D:1      | Reached XP level 4. HP: 4/33 MP: 0/0
  1098 | D:2      | Noticed Sigmund
  1104 | D:2      | Killed Sigmund
  1105 | D:2      | Reached skill level 3 in Fighting
  1105 | D:2      | Reached XP level 5. HP: 26/40 MP: 0/0
  1105 | D:2      | Learned a level 2 spell: Momentum Strike
  1105 | D:2      | Reached XP level 6. HP: 30/46 MP: 0/0
  1602 | D:2      | Found Afeamoc's Assorted Antiques.
  1894 | D:3      | Found a snail-covered altar of Cheibriados.
  2420 | D:3      | Reached skill level 4 in Fighting
  2608 | D:4      | Found a shimmering altar of Xom.
  2660 | D:4      | Found a glowing drain.
  2714 | Sewer    | Entered a sewer
  2850 | Sewer    | Reached XP level 7. HP: 48/52 MP: 0/0
  2850 | Sewer    | Learned a level 2 spell: Poisonous Vapours
  3087 | Sewer    | Found a viscous altar of Jiyva.
  3096 | Sewer    | Became a worshipper of Jiyva Jepraif the Shapeless
  3509 | D:4      | Reached * piety under Jiyva
  3529 | D:4      | Noticed Blork the orc
  3535 | D:4      | Killed Blork the orc
  3536 | D:4      | Found a sacrificial altar of Ru.
  3763 | D:4      | Reached skill level 5 in Fighting
  3763 | D:4      | Reached skill level 5 in Spellcasting
  3763 | D:4      | Reached skill level 5 in Conjurations
  3763 | D:4      | Reached skill level 5 in Hexes
  3763 | D:4      | Reached skill level 5 in Summonings
  3763 | D:4      | Reached skill level 5 in Necromancy
  3763 | D:4      | Reached skill level 5 in Translocations
  3763 | D:4      | Reached skill level 5 in Transmutations
  3763 | D:4      | Reached skill level 5 in Fire Magic
  3763 | D:4      | Reached skill level 5 in Ice Magic
  3763 | D:4      | Reached skill level 5 in Air Magic
  3763 | D:4      | Reached skill level 5 in Earth Magic
  3763 | D:4      | Reached skill level 5 in Poison Magic
  4013 | D:5      | Entered Level 5 of the Dungeon
  4061 | D:5      | Reached XP level 8. HP: 57/59 MP: 0/0
  4186 | D:5      | Reached skill level 6 in Fighting
  4394 | D:5      | Reached ** piety under Jiyva
  4484 | D:5      | Found a staircase to the Ecumenical Temple.
  4769 | D:6      | Noticed a shadow
  4774 | D:6      | Killed a shadow
  4783 | D:6      | Noticed a komodo dragon
  4785 | D:6      | Reached skill level 7 in Fighting
  4794 | D:6      | Reached XP level 9. HP: 39/68 MP: 0/0
  4794 | D:6      | Learned a level 4 spell: Petrify
  4798 | D:6      | Annihilated by a komodo dragon

Illustrated notes

Levels and vault maps discovered:
D:1:      psy_arrival_fountain, layout_loops_ring, serial_glass,
          glass_columns_a, glass_columns_a, glass_columns_a, glass_columns_c,
          minmay_misc_feat_rows
D:2:      layout_loops_ring, serial_shops, shop, kennysheep_generic_room_2,
          uniq_sigmund, uniq_natasha
D:3:      layout_basic, slow_altar_1, minivault_26
D:4:      layout_basic, mainiacjoe_overflow_alcove_1, nicolae_ru_awakened_eye,
          gup_sewer_entry_pipe, serial_glass, glass_columns_a, glass_columns_b,
          kennysheep_cross_room, hangedman_decor_lopped, serial_bayou_lake_a,
          uniq_blork_the_orc
D:5:      layout_loops_ring, lemuel_temple_firewalk_b
D:6:      layout_loops_ring, nicolae_tso_swordbearing_angel, nicolae_sextant

Skill      XL: |  1  2  3  4  5  6  7  8 |
---------------+-------------------------+-----
Spellcasting   | 4 5 6 |  6.2
Conjurations   | 4 5 6 |  6.2
Hexes          | 4 5 6 |  6.2
Summonings     | 4 5 6 |  6.2
Necromancy     | 4 5 6 |  6.2
Translocations | 4 5 6 |  6.2
Transmutations | 4 5 6 |  6.2
Fire Magic     | 4 5 6 |  6.2
Ice Magic      | 4 5 6 |  6.2
Air Magic      | 4 5 6 |  6.2
Earth Magic    | 4 5 6 |  6.2
Poison Magic   | 4 5 6 |  6.2
Fighting       | 1 3 4 5 7 |  7.2
Dodging        | |  2.5
Stealth        | |  1.9

Action                     |  1- 3 |  4- 6 |  7- 9 || total
---------------------------+-------+-------+-------++-------
  Melee: Unarmed           |       |     5 |       ||     5
         Headbutt          |       |     2 |       ||     2
   Cast: Foxfire           |    26 |    89 |    92 ||   207
         Scorch            |    14 |    31 |    28 ||    73
         Momentum Strike   |       |     4 |       ||     4
         Inner Flame       |       |     1 |     3 ||     4
         Beastly Appendage |       |     1 |       ||     1
         Poisonous Vapours |       |       |     8 ||     8
         Flame Wave        |       |       |     3 ||     3
    Use: Scroll            |       |     4 |       ||     4
 Armour: Robe              |       |     2 |     1 ||     3
  Dodge: Dodged            |     2 |    12 |     6 ||    20

Table legend: (Time is in decaauts)
 A = Elapsed time spent in this place.
 B = Non-inter-level travel time spent in this place.
 C = Inter-level travel time spent in this place.
 D = Time resting spent in this place.
 E = Time spent auto-exploring this place.
 F = Levels seen in this place.
 G = Mean time per level.
                   A        B        C        D        E       F      G
               +--------+--------+--------+--------+--------+-----+--------+
         Total |   4798 |   4613 |    185 |     36 |   3852 |   7 |  685.4 |
       Dungeon |   4357 |   4172 |    185 |     36 |   3561 |   6 |  726.2 |
         Sewer |    441 |    441 |      0 |      0 |    291 |   1 |  441.0 |
               +--------+--------+--------+--------+--------+-----+--------+

Top non-repeatable levels by time:
     D:1: 1045 daAuts
     D:4: 937 daAuts
     D:3: 816 daAuts
     D:2: 773 daAuts
     D:5: 648 daAuts
   Sewer: 441 daAuts
     D:6: 135 daAuts
